 Dungeon Crawl Stone Soup version 0.31.0-11-ge490571c62 (webtiles) character file.

Game seed: 10154069617275458848

49 Gadfly the Changeling (level 3, -1/29 HPs)
             Began as a Draconian Shapeshifter on Jan 26, 2024.
             Slain by Sigmund
             ... wielding a +0 scythe
              (8 damage)
             ... on level 2 of the Dungeon.
             The game lasted 00:01:35 (1102 turns).

Gadfly the Changeling (Draconian Shapeshifter)      Turns: 1102, Time: 00:01:35

Health: -1/29      AC:  5    Str: 18    XL:     3   Next: 51%
Magic:  3/3        EV: 12    Int: 10    God:
Gold:   50         SH:  0    Dex: 10    Spells: 2/2 levels left

rFire   . . .        b - +1 short sword (drain)
rCold   . . .        (no shield)
rNeg    . . .        (body armour unavailable)
rPois   .            (helmet currently unavailable)
rElec   .            (cloak currently unavailable)
rCorr   .            (gloves currently unavailable)
SInv    .            (boots currently unavailable)
Will    .....        (no amulet)
Stlth   +            (no ring)
HPRegen 0.24/turn    (no ring)
MPRegen 0.08/turn

%: no passive effects
@: beast-form
A: beast (slay +1), AC +5, unfitting armour, cold-blooded
a: Begin Untransformation


You were on level 2 of the Dungeon.
You were a hulking beast.
You visited 1 branch of the dungeon, and saw 2 of its levels.

You collected 50 gold pieces.

Inventory:

Hand Weapons
 b - a +1 short sword of draining (weapon)
Talismans
 c - a flux talisman
 f - a beast talisman
Scrolls
 d - a scroll of blinking
Potions
 a - 2 potions of lignification
 g - a potion of resistance {unknown}
 h - a potion of enlightenment {unknown}
 i - a potion of haste {unknown}


   Skills:
 + Level 1.8 Fighting
 * Level 2.4 Dodging
 + Level 3.2 Unarmed Combat
 * Level 1.4 Evocations
 + Level 3.2 Shapeshifting


You had 2 spell levels left.
You didn't know any spells.
Your spell library was empty.

Dungeon Overview and Level Annotations

Branches:
Dungeon (2/15)

Altars:

Annotations:
D:2 Sigmund


Innate Abilities, Weirdness & Mutations

You are a hulking beast.
Your limbs bulge with bestial killing power. (Slay +1)
Your plain brown scales are hard. (AC +5)
You cannot fit into any form of body armour.
You are cold-blooded and may be slowed by cold attacks.


Message History

Sigmund closely misses you.
You hit Sigmund but do no damage.
Sigmund gestures wildly while chanting.
Sigmund flickers and vanishes!
Deactivating autopickup; reactivate with Ctrl-A.
No target in view!
No target in view!
No target in view!
No target in view!
No target in view!
No target in view!
No target in view!
No target in view!
No target in view!
No target in view!
No target in view!
No target in view!
No target in view!
No target in view!
No target in view!
No target in view!
No target in view!
You miss something. Something hits you.
You barely miss something. Something hits you.
You hit something. You closely miss something. You tail-slap something.
Something hits you.
You hit something but do no damage.
You hear some strange, mumbled words.
A puff of flame appears from out of thin air!
The puff of flame hits you.
You barely miss something.
You hear some strange, mumbled words.
A magic dart appears from out of thin air!
The magic dart hits you!
* * * LOW HITPOINT WARNING * * *
You miss something.
You hear some strange, mumbled words.
Something tries to affect you, but you resist.
You hit something. Something hits you!
You die...

#.# #.##.########.
##.# #.##.# ######.
#..###.##.###......
#..................
#..###.##...#......
#..# #.##...#..####
#..###.........#
#...........#.###
##h##.#.........#
#{##...###.###.#
#..........# #.###
############ #....
#####


There were no monsters in sight!

Vanquished Creatures
  An adder (D:2)
  2 dart slugs (D:1)
  A ribbon worm (D:2)
  5 ball pythons
  3 endoplasms (D:1)
  5 giant cockroaches (D:1)
  4 goblins
  A hobgoblin (D:1)
  A quokka (D:1)
  3 bats (D:1)
  A frilled lizard (D:1)
  3 kobolds
  3 rats
33 creatures vanquished.

Notes
Turn   | Place    | Note
-------+----------+-------------------------------------------
     0 | D:1      | Gadfly the Draconian Shapeshifter began the quest for the
                  | Orb.
     0 | D:1      | Reached XP level 1. HP: 16/16 MP: 1/1
   187 | D:1      | Reached XP level 2. HP: 23/23 MP: 2/2
   340 | D:1      | Reached skill level 1 in Evocations
   601 | D:1      | Reached XP level 3. HP: 28/28 MP: 3/3
  1088 | D:2      | Noticed Sigmund
  1102 | D:2      | Slain by Sigmund

Illustrated notes

Levels and vault maps discovered:
D:1:      eino_arrival_cavern_b, layout_basic
D:2:      layout_loops_ring, kennysheep_nub, patterned_corridor, uniq_sigmund

Skill      XL: |  1  2 |
---------------+-------+-----
Dodging        | 2 |  2.4
Evocations     | 1 |  1.4
Fighting       | |  1.8
Unarmed Combat | |  3.2
Shapeshifting  | |  3.2

Action                     || total
---------------------------++-------
  Melee: Unarmed           ||    35
         Tailslap          ||     7
         Short sword       ||    49
    Use: Scroll            ||     2
 Armour: Skin              ||    34
  Dodge: Dodged            ||    39
